Map: Dynasty LE

Players

HUMAN - Winner!

  • Race: Terran Terran
  • League: Gold
  • Spawn Location: 7:00

VOD

Have the link to the VOD?

Description

Time

  • Played on: April 16, 2024, 9:12 p.m.
  • Length: 13:27
Show
View Real Time Build Order
Export as new Build Order

HUMAN Terran - Winner!

Build Orders:  

Get SALT Encoding   

  12  0:01  SCV  
  13  0:23  Supply Depot  
  13  0:24  SCV  
  14  0:43  Refinery  
  14  0:44  SCV  
  15  0:58  Barracks  
  15  1:06  SCV  
  16  1:25  Refinery  
  16  1:26  SCV  
  17  1:43  SCV  
  18  2:00  SCV  
  18  2:08  Supply Depot  
  18  2:09  Reaper  
  20  2:18  Orbital Command  
  20  2:39  Factory  
  20  2:50  Barracks Tech Lab  
  20  2:53  Stimpack  
  20  2:55  SCV  
  21  3:12  SCV  
  22  3:25  Marine  
  22  3:29  SCV  
  24  3:33  Unknown  
  24  3:47  SCV  
  25  3:50  Factory Reactor  
  25  3:56  Starport  
  25  4:00  Marine  
  25  4:04  SCV  
  27  4:20  SCV, Supply Depot  
  27  4:25  Marine  
  27  4:27  Unknown  
  29  4:45  SCV  
  30  4:52  Starport Tech Lab  
  30  5:02  SCV  
  30  5:04  Command Center  
  31  5:12  Marine  
  31  5:19  SCV  
  33  5:35  Barracks  
  33  5:43  Unknown  
  33  5:47  Barracks  
  33  5:48  Unknown  
  33  6:01  Supply Depot  
  33  6:10  Engineering Bay  
  33  6:12  Engineering Bay  
  32  6:34  Medivac x2  
  32  6:36  Siege Tank  
  39  6:44  Orbital Command  
  39  6:51  SCV  
  40  7:04  Barracks Reactor x2  
  40  7:08  SCV  
  41  7:20  SCV, Supply Depot  
  41  7:24  Terran Infantry Weapons Level 1  
  41  7:25  SCV  
  43  7:31  Terran Infantry Armor Level 1  
  43  7:33  Marine  
  43  7:37  SCV  
  45  7:42  SCV  
  46  7:53  Supply Depot  
  46  7:54  SCV  
  46  7:56  Marine x3  
  46  7:57  Marine  
  46  7:58  Marine  
  52  8:05  Siege Tank  
  55  8:13  Armory  
  55  8:20  SCV x2  
  55  8:21  Unknown, Marine x2  
  55  8:29  Supply Depot  
  59  8:34  Medivac x2  
  59  8:37  Marine x3, SCV  
  67  8:40  Siege Tank  
  67  8:43  SCV  
  67  8:48  Refinery  
  67  8:49  Refinery  
  68  8:54  SCV  
  68  8:57  Marine  
  68  8:58  Marine  
  71  9:00  Supply Depot  
  71  9:01  SCV  
  71  9:02  Marine x2  
  74  9:11  SCV  
  74  9:18  SCV  
  76  9:28  Marine x3, SCV  
  76  9:29  Marine x2  
  82  9:39  Supply Depot  
  82  9:53  Marine x2  
  84  10:00  SCV x2  
  84  10:06  Marine  
  84  10:07  Marine x2  
  89  10:11  Command Center  
  89  10:17  SCV  
  89  10:18  Marine x2  
  92  10:26  Siege Tank  
  91  10:31  Unknown  
  91  11:21  Marine x3  
  91  11:22  Marine x2  
  91  11:27  Siege Tank, Unknown  
  91  11:28  Medivac  
  101  11:34  Supply Depot  
  101  11:36  Medivac  
  103  11:46  Marine x5  
  108  12:05  Supply Depot  
  108  12:11  Marine x5  
  108  12:12  Siege Tank  
  108  12:14  Unknown  
  116  12:21  Medivac x2  
  116  12:29  Orbital Command  
  120  12:33  SCV  
  120  12:34  SCV  
  120  12:35  Unknown  
  120  12:36  Supply Depot, Marine x5  
  127  12:51  SCV  
  131  13:00  Marine  
  131  13:01  Marine x3  
  131  13:08  SCV  
Tags
 
League
Gold
Matchup
Co-op
Add a new tag
Caveats
  • Supply blocks, unpowered buildings, or Contaminate may cause inaccurate times.
  • Supply counts are checked every 10 seconds.